 Dungeon Crawl Stone Soup version 0.20.1-1-g8b1a95d (webtiles) character file.

87 Monsterracer the Ruffian (level 4, -2/38 HPs)
             Began as a Naga Transmuter on Aug 14, 2017.
             Slain by an adder (3 damage)
             ... on level 2 of the Dungeon.
             The game lasted 00:04:50 (1769 turns).

Monsterracer the Ruffian (Naga Transmuter)          Turns: 1769, Time: 00:04:51

Health: -2/38      AC:  3    Str: 12    XL:     4   Next: 51%
Magic:  3/7        EV: 10    Int: 15    God:
Gold:   40         SH:  0    Dex: 11    Spells: 2/7 levels left

rFire    . . .     SeeInvis +     - Unarmed
rCold    . . .     Gourm    .   (no shield)
rNeg     . . .     Faith    .   b - +0 robe
rPois    +         Spirit   .   (no helmet)
rElec    .         Reflect  .   h - +0 cloak
rCorr    .         Harm     .   (no gloves)
MR       .....                  (no barding)
Stlth    +.........             o - amulet of inaccuracy (curse)
Regen    0.2/turn               (no ring)
MPRegen  0.1/turn               (no ring)

@: very slightly contaminated, very slow
A: see invisible, deformed body, poison resistance, slowness 2, slow metabolism
1, spit poison 1, AC +1
a: Spit Poison


You were on level 2 of the Dungeon.
You were very hungry.

You visited 1 branch of the dungeon, and saw 2 of its levels.

You collected 40 gold pieces.

Inventory:

Missiles
 a - 26 arrows
Armour
 b - a +0 robe (worn)
 h - a +0 cloak (worn)
Jewellery
 e - an uncursed ring of fire
 i - an uncursed amulet of rage {unknown}
 o - a cursed amulet of inaccuracy (around neck)
Potions
 f - 2 potions of brilliance
 m - a potion of flight
Books
 c - a book of Changes

   Spells                             Type                      Level
   a - Beastly Appendage              Transmutation                1
   b - Sticks to Snakes               Transmutation                2
   c - Spider Form                    Transmutation/Poison         3
   d - Ice Form                       Ice/Transmutation            4
   e - Blade Hands                    Transmutation                5
Comestibles
 d - 2 bread rations
 g - a royal jelly
 j - 2 meat rations


   Skills:
 - Level 1.0 Fighting
 - Level 1.5 Dodging
 + Level 4.0 Unarmed Combat
 - Level 2.0 Spellcasting
 + Level 3.3 Transmutations
 + Level 1.6 Poison Magic


You had 2 spell levels left.
You knew the following spells:

 Your Spells              Type           Power        Failure   Level  Hunger
b - Sticks to Snakes      Tmut           ##......     9%          2    ###....
c - Spider Form           Tmut/Pois      #.........   24%         3    ###....


Dungeon Overview and Level Annotations

Branches:
Dungeon (2/15)

Altars:


Innate Abilities, Weirdness & Mutations

You cannot wear boots.
Your serpentine skin is tough. (AC +1)
You have supernaturally acute eyesight. (SInv)
Armour fits poorly on your strangely shaped body.
Your system is resistant to poisons. (rPois)
You cover ground very slowly.
You have a slow metabolism.
You can spit poison.


Message History

Your ball python constricts the adder.
The adder bites your ball python.
Your ball python dies!
Huge Dmg: -3%(-1hp) hp: 3%(1hp) It was a potion of magic.
Magic courses through your body.
You have got your breath back.
Casting: Sticks to Snakes
Confirm with . or Enter, or press ? or * to list all spells.
Okay, then.
Casting: Sticks to Snakes
Confirm with . or Enter, or press ? or * to list all spells.
You miscast Sticks to Snakes.
Nothing appears to happen.
Casting: Sticks to Snakes
Confirm with . or Enter, or press ? or * to list all spells.
You create a snake!
You now have 26 arrows.
* * * LOW HITPOINT WARNING * * *
You feel sick.
You are no longer poisoned.
The adder bites you but does no damage. The kobold hits your ball python.
The adder bites you.
You die...

####.### #.......
#....# ######
######....###.....
#.................
#K#####..####.....
#S# #..# #.....
#S# #..# #.....
#@# #.(# #.....
#........# #.....
#.....!#..........
##................
#####.#.......###
#.#....... #.
....#'# #. ....#.#
###.#.#


You could see an adder, a kobold and a friendly ball python.

Vanquished Creatures
  Natasha (twice) (D:2)
  A worm (D:2)
  2 dart slugs (D:1)
  A leopard gecko (D:2)
  A ball python (D:1)
  A giant cockroach (D:1)
  3 hobgoblins
  6 jackals (D:1)
  4 bats
  3 frilled lizards
  3 goblins
  5 kobolds
  2 rats (D:1)
34 creatures vanquished.

Notes
Turn   | Place    | Note
-------+----------+-------------------------------------------
     0 | D:1      | Monsterracer the Naga Transmuter began the quest for the Orb.
     0 | D:1      | Reached XP level 1. HP: 18/18 MP: 3/3
    73 | D:1      | HP: 7/18 [jackal (3)]
   337 | D:1      | Reached XP level 2. HP: 19/25 MP: 3/5
   356 | D:1      | Learned a level 2 spell: Sticks to Snakes
   986 | D:1      | Reached XP level 3. HP: 31/31 MP: 6/6
   991 | D:1      | Learned a level 3 spell: Spider Form
  1498 | D:2      | Noticed Natasha
  1504 | D:2      | Killed Natasha
  1504 | D:2      | Reached skill level 1 in Poison Magic
  1504 | D:2      | Reached XP level 4. HP: 25/38 MP: 3/7
  1520 | D:2      | HP: 18/38 [kobold/short sword (5)]
  1684 | D:2      | Noticed Natasha
  1689 | D:2      | Killed Natasha
  1689 | D:2      | Reached skill level 4 in Unarmed Combat
  1752 | D:2      | HP: 17/38 [adder (3)]
  1757 | D:2      | HP: 11/38 [poisoned by an adder]
  1762 | D:2      | HP: 6/38 [adder (2)]
  1764 | D:2      | HP: 2/38 [adder (3)]
  1769 | D:2      | HP: 1/38 [poisoned by an adder]
  1769 | D:2      | Slain by an adder

Skill      XL: |  1  2  3  4 |
---------------+-------------+-----
Transmutations | 3 |  3.3
Poison Magic   | 1 |  1.6
Unarmed Combat | 4 |  4.0
Fighting       | |  1.0
Dodging        | |  1.5
Spellcasting   | |  2.0

Action                   |  1- 3 |  4- 6 || total
-------------------------+-------+-------++-------
Melee: Unarmed           |    63 |    19 ||    82
       Headbutt          |     7 |       ||     7
       Punch             |     1 |       ||     1
 Cast: Beastly Appendage |    10 |       ||    10
       Spider Form       |     1 |     1 ||     2
       Sticks to Snakes  |       |     3 ||     3
 Abil: Spit Poison       |    24 |     9 ||    33
  Use: Scroll            |     6 |       ||     6
       Potion            |       |     1 ||     1
  Eat: Chunk             |     2 |     1 ||     3
Armor: Robe              |     7 |     4 ||    11
Dodge: Dodged            |    37 |    21 ||    58
